| TOP OF THE 1ST |
|
Lehigh Valley IronPigs batting - Pitching for Las Vegas 51s : RHP Felipe Hinojosa
|
|
Pitching: RHP Felipe Hinojosa
|
|
|
Batting: RHB Nick Beggs
|
0-0: Ball 1-0: Ball 2-0: Swinging Strike 2-1: Foul Ball, location: 2F 2-2: Ball 3-2: Strikes out swinging
|
|
Batting: SHB Cesar Arteaga
|
0-0: Called Strike 0-1: Called Strike 0-2: Strikes out looking
|
|
Batting: SHB Lance Franklin
|
0-0: Ball 1-0: TRIPLE (Line Drive, 7D, EV 104.4 MPH)
|
|
Batting: RHB Julian Nijhuis
|
0-0: Called Strike 0-1: Ball 1-1: Ball 2-1: Ball 3-1: Foul Ball, location: 2F 3-2: SINGLE (Groundball, 4MD, EV 104.4 MPH) Lance Franklin scores
|
|
Batting: RHB Matt Sanders
|
0-0: Ball 1-0: Ball 2-0: Ball 3-0: Base on Balls Julian Nijhuis to second
|
|
Batting: RHB Young-tae Yoo
|
0-0: Foul Ball, location: 2F 0-1: Ball Wild Pitch! Julian Nijhuis to third Matt Sanders to second 1-1: Swinging Strike 1-2: Ground out 6-3 (Groundball, 6, EV 103.8 MPH)
|
| Top of the 1st over - 1 run, 2 hits, 0 errors, 2 left on base; Lehigh Valley 1 - Las Vegas 0 |
| BOTTOM OF THE 1ST |
|
Las Vegas 51s batting - Pitching for Lehigh Valley IronPigs : RHP Nick Turner
|
|
Pitching: RHP Nick Turner
|
|
|
Batting: RHB Jordan Martin
|
0-0: SINGLE (Line Drive, 4M, EV 99.4 MPH)
|
|
Batting: LHB Adam Hairston
|
0-0: Ball 1-0: Foul Ball, location: 2F 1-1: Ball 2-1: Swinging Strike 2-2: Ball 3-2: Ground out 4-3 (Groundball, 4, EV 91.2 MPH) Jordan Martin to second
|
|
Batting: SHB Lewis Thorpe Jr.
|
0-0: Ground out 3-1 (Groundball, 34S, EV 86.2 MPH) Jordan Martin to third
|
|
Batting: SHB Billy Encinias
|
0-0: Ball 1-0: Ball 2-0: Called Strike 2-1: Foul Ball, location: 2F 2-2: Foul Ball, location: 2F 2-2: Strikes out swinging
|
| Bottom of the 1st over - 0 runs, 1 hit, 0 errors, 1 left on base; Lehigh Valley 1 - Las Vegas 0 |
| TOP OF THE 2ND |
|
Lehigh Valley IronPigs batting - Pitching for Las Vegas 51s : RHP Felipe Hinojosa
|
|
Batting: RHB Chris Pounds
|
0-0: Ball 1-0: Called Strike 1-1: Foul Ball, location: 2F 1-2: SINGLE (Line Drive, 78S, EV 105.6 MPH)
|
|
Batting: RHB Dan Grable
|
0-0: Called Strike 0-1: Ball 1-1: Fly out, F8 (Flyball, 8LXD, EV 98.1 MPH)
|
|
Batting: RHB Bill Moldenhauer
|
0-0: Fly out, F7 (Flyball, 78S, EV 92.5 MPH)
|
|
Batting: RHB Nick Beggs
|
0-0: Foul Ball, location: 2F 0-1: Called Strike Chris Pounds steals 2nd base 0-2: Fly out, F9 (Line Drive, 9, EV 95.0 MPH)
|
| Top of the 2nd over - 0 runs, 1 hit, 0 errors, 1 left on base; Lehigh Valley 1 - Las Vegas 0 |
| BOTTOM OF THE 2ND |
|
Las Vegas 51s batting - Pitching for Lehigh Valley IronPigs : RHP Nick Turner
|
|
Batting: SHB Roberto Magne
|
0-0: Fly out, F9 (Flyball, 9LM, EV 88.8 MPH)
|
|
Batting: LHB Marc Durgin
|
0-0: Ball 1-0: Ball 2-0: Foul Ball, location: 2F 2-1: Swinging Strike 2-2: Foul Ball, location: 2F 2-2: Strikes out looking
|
|
Batting: SHB Josh Schultze
|
0-0: Ball 1-0: Ball 2-0: Ball 3-0: Base on Balls
|
|
Batting: RHB Leon Edwards
|
0-0: Foul Ball, location: 2F 0-1: Ground out 4-3 (Groundball, 4MS, EV 70.0 MPH)
|
| Bottom of the 2nd over - 0 runs, 0 hits, 0 errors, 1 left on base; Lehigh Valley 1 - Las Vegas 0 |
| TOP OF THE 3RD |
|
Lehigh Valley IronPigs batting - Pitching for Las Vegas 51s : RHP Felipe Hinojosa
|
|
Batting: SHB Cesar Arteaga
|
0-0: Swinging Strike 0-1: Ball 1-1: Ground out 6-3 (Groundball, 6, EV 85.0 MPH)
|
|
Batting: SHB Lance Franklin
|
0-0: Ball 1-0: Foul Ball, location: 2F 1-1: Ball 2-1: Foul Ball, location: 2F 2-2: SINGLE (Groundball, 4M, EV 105.0 MPH)
|
|
Batting: RHB Julian Nijhuis
|
0-0: Ball 1-0: Called Strike 1-1: Swinging Strike 1-2: Fly out, F8 (Flyball, 78D, EV 82.5 MPH)
|
|
Batting: RHB Matt Sanders
|
0-0: Ball 1-0: Ball 2-0: Fly out, F3 (Popup, 3SF, EV 73.8 MPH)
|
| Top of the 3rd over - 0 runs, 1 hit, 0 errors, 1 left on base; Lehigh Valley 1 - Las Vegas 0 |
| BOTTOM OF THE 3RD |
|
Las Vegas 51s batting - Pitching for Lehigh Valley IronPigs : RHP Nick Turner
|
|
Batting: RHB Yoshiro Higuchi
|
0-0: SINGLE (Groundball, 4M, EV 98.1 MPH)
|
|
Batting: RHB Jordan Martin
|
0-0: Called Strike 0-1: Ball 1-1: Ball 2-1: SINGLE (Flyball, 89S, EV 90.0 MPH) Yoshiro Higuchi to second Runner from 2nd tries for 3rd, SAFE, throw by RF made to third
|
|
Batting: LHB Adam Hairston
|
0-0: Called Strike 0-1: Swinging Strike 0-2: Ball 1-2: Ball 2-2: Ball 3-2: Strikes out swinging Jordan Martin steals 2nd base Batter strikes out.
|
|
Batting: SHB Lewis Thorpe Jr.
|
0-0: Foul Ball, location: 2F 0-1: Ball 1-1: Ball 2-1: SINGLE (Line Drive, 4D, EV 94.4 MPH) Yoshiro Higuchi scores Jordan Martin to third Runner from 3rd tries for Home, SAFE, throw by RF to home
|
|
Batting: SHB Billy Encinias
|
0-0: Ball 1-0: Ball Lewis Thorpe Jr. steals 2nd base 2-0: Called Strike 2-1: Ball Lewis Thorpe Jr. steals 3rd base 3-1: Ground out 6-3 (Groundball, 4MD, EV 105.6 MPH) Lewis Thorpe Jr. scores
|
|
Batting: SHB Roberto Magne
|
0-0: Called Strike 0-1: Foul Ball, location: 2F 0-2: Ball 1-2: Ball 2-2: DOUBLE (Line Drive, 5D, EV 99.4 MPH)
|
|
Batting: LHB Marc Durgin
|
0-0: Fly out, F9 (Flyball, 9LS, EV 79.4 MPH)
|
| Bottom of the 3rd over - 3 runs, 4 hits, 0 errors, 1 left on base; Lehigh Valley 1 - Las Vegas 3 |
| TOP OF THE 4TH |
|
Lehigh Valley IronPigs batting - Pitching for Las Vegas 51s : RHP Felipe Hinojosa
|
|
Batting: RHB Young-tae Yoo
|
0-0: Foul Ball, location: 2F 0-1: Called Strike 0-2: Ball 1-2: Ball 2-2: Ground out 6-3 (Groundball, 56, EV 98.8 MPH)
|
|
Batting: RHB Chris Pounds
|
0-0: Ball 1-0: Ball 2-0: SINGLE (Flyball, 9LS, EV 92.5 MPH)
|
|
Batting: RHB Dan Grable
|
0-0: Ball 1-0: Foul Ball, location: 2F 1-1: Ball 2-1: Ball 3-1: Reached on error, E9 (Flyball, 9S, EV 87.5 MPH) Chris Pounds to second
|
|
Batting: RHB Bill Moldenhauer
|
0-0: Called Strike 0-1: Foul Ball, location: 2F 0-2: Ball 1-2: Grounds into double play, 5-4-3 (Groundball, 56, EV 105.6 MPH)
|
| Top of the 4th over - 0 runs, 1 hit, 1 error, 1 left on base; Lehigh Valley 1 - Las Vegas 3 |
| BOTTOM OF THE 4TH |
|
Las Vegas 51s batting - Pitching for Lehigh Valley IronPigs : RHP Nick Turner
|
|
Batting: SHB Josh Schultze
|
0-0: SOLO HOME RUN (Flyball, 89XD, EV 98.8 MPH), Distance : 402 ft
|
|
Batting: RHB Leon Edwards
|
0-0: Swinging Strike 0-1: Ball 1-1: Foul Ball, location: 2F 1-2: Ball 2-2: Foul Ball, location: 2F 2-2: Ground out 6-3 (Groundball, 6, EV 92.5 MPH)
|
|
Batting: RHB Yoshiro Higuchi
|
0-0: Ground out 5-3 (Groundball, 56, EV 101.2 MPH)
|
|
Batting: RHB Jordan Martin
|
0-0: Ball 1-0: Foul Ball, location: 2F 1-1: Foul Ball, location: 2F 1-2: Foul Ball, location: 2F 1-2: Fly out, F6 (Line Drive, 6, EV 71.2 MPH)
|
| Bottom of the 4th over - 1 run, 1 hit, 0 errors, 0 left on base; Lehigh Valley 1 - Las Vegas 4 |
| TOP OF THE 5TH |
|
Lehigh Valley IronPigs batting - Pitching for Las Vegas 51s : RHP Felipe Hinojosa
|
|
Batting: RHB Nick Beggs
|
0-0: SINGLE (Line Drive, 7S, EV 88.1 MPH)
|
|
Batting: SHB Cesar Arteaga
|
0-0: Ball 1-0: Grounds into double play, 4-6-3 (Groundball, 4M, EV 85.6 MPH)
|
|
Batting: SHB Lance Franklin
|
0-0: Ground out 6-3 (Groundball, 6, EV 89.4 MPH)
|
| Top of the 5th over - 0 runs, 1 hit, 0 errors, 0 left on base; Lehigh Valley 1 - Las Vegas 4 |
| BOTTOM OF THE 5TH |
|
Las Vegas 51s batting - Pitching for Lehigh Valley IronPigs : RHP Nick Turner
|
|
Batting: LHB Adam Hairston
|
0-0: Foul Ball, location: 2F 0-1: Called Strike 0-2: Ball 1-2: Ball 2-2: Foul Ball, location: 2F 2-2: Foul Ball, location: 2F 2-2: SINGLE (Line Drive, 7S, EV 86.2 MPH)
|
|
Batting: SHB Lewis Thorpe Jr.
|
0-0: Swinging Strike 0-1: Ball 1-1: Fly out, F8 (Flyball, 89M, EV 85.0 MPH)
|
|
Batting: SHB Billy Encinias
|
0-0: Ball 1-0: Ball 2-0: Ball 3-0: Called Strike 3-1: Foul Ball, location: 2F 3-2: SINGLE (Line Drive, 34, EV 98.1 MPH) Adam Hairston to second Adam Hairston to third
|
|
Batting: SHB Roberto Magne
|
0-0: Ball 1-0: Called Strike 1-1: Foul Ball, location: 2F 1-2: SINGLE (Groundball, 56S, EV 73.1 MPH) (infield hit) Adam Hairston scores Billy Encinias to second
|
|
Pitching: RHP John Capparelli
|
|
|
Batting: LHB Marc Durgin
|
0-0: Ball 1-0: Fielders Choice at 2nd, 3-6 (Groundball, 3S, EV 86.2 MPH) Billy Encinias to third
|
|
Batting: SHB Josh Schultze
|
0-0: Ball 1-0: Ball 2-0: Foul Ball, location: 2F 2-1: Foul Ball, location: 2F 2-2: Ball 3-2: Foul Ball, location: 2F 3-2: Foul Ball, location: 2F 3-2: DOUBLE (Flyball, 8LXD, EV 105.6 MPH) Billy Encinias scores Marc Durgin to third Marc Durgin scores
|
|
Batting: RHB Leon Edwards
|
0-0: Called Strike 0-1: Called Strike 0-2: Ball 1-2: Strikes out swinging
|
| Bottom of the 5th over - 3 runs, 4 hits, 0 errors, 1 left on base; Lehigh Valley 1 - Las Vegas 7 |
| TOP OF THE 6TH |
|
Lehigh Valley IronPigs batting - Pitching for Las Vegas 51s : RHP Felipe Hinojosa
|
|
Batting: RHB Julian Nijhuis
|
0-0: Called Strike 0-1: Ball 1-1: Ball 2-1: Ball 3-1: Base on Balls
|
|
Batting: RHB Matt Sanders
|
0-0: Called Strike 0-1: Ball 1-1: Ball 2-1: SINGLE (Groundball, 56S, EV 69.4 MPH) (infield hit) Julian Nijhuis to second
|
|
Batting: RHB Young-tae Yoo
|
0-0: Called Strike 0-1: Ball 1-1: Grounds into double play, U4-3 (Groundball, 6M, EV 103.1 MPH) Julian Nijhuis to third
|
|
Batting: RHB Chris Pounds
|
0-0: Ball 1-0: Ball 2-0: Fly out, F9 (Flyball, 9S, EV 79.4 MPH)
|
| Top of the 6th over - 0 runs, 1 hit, 0 errors, 1 left on base; Lehigh Valley 1 - Las Vegas 7 |
| BOTTOM OF THE 6TH |
|
Las Vegas 51s batting - Pitching for Lehigh Valley IronPigs : RHP John Capparelli
|
|
Batting: RHB Yoshiro Higuchi
|
0-0: Ball 1-0: Called Strike 1-1: Swinging Strike 1-2: Strikes out swinging, 2-3 out at first.
|
|
Batting: RHB Jordan Martin
|
0-0: Ball 1-0: Ball 2-0: SINGLE (Flyball, 3D, EV 88.8 MPH)
|
|
Batting: LHB Adam Hairston
|
0-0: Ball 1-0: Ball 2-0: Called Strike 2-1: Ball 3-1: Grounds into double play, 6-4-3 (Groundball, 6, EV 98.1 MPH)
|
| Bottom of the 6th over - 0 runs, 1 hit, 0 errors, 0 left on base; Lehigh Valley 1 - Las Vegas 7 |
| TOP OF THE 7TH |
|
Lehigh Valley IronPigs batting - Pitching for Las Vegas 51s : RHP Felipe Hinojosa
|
|
Batting: RHB Dan Grable
|
0-0: Ball 1-0: Called Strike 1-1: Ground out 6-3 (Groundball, 6, EV 92.5 MPH)
|
|
Batting: RHB Bill Moldenhauer
|
0-0: Ball 1-0: Called Strike 1-1: Foul Ball, location: 2F 1-2: SINGLE (Groundball, 6MD, EV 109.4 MPH)
|
|
Batting: RHB Nick Beggs
|
0-0: Ball 1-0: Ball 2-0: Ball Bill Moldenhauer steals 2nd base 3-0: Base on Balls
|
|
Batting: SHB Cesar Arteaga
|
0-0: Ball 1-0: Called Strike 1-1: Called Strike 1-2: Ball 2-2: Fly out, F7 (Flyball, 78M, EV 87.5 MPH)
|
|
Pitching: RHP Bryan Dorne
|
|
|
Batting: SHB Lance Franklin
|
0-0: Fielders Choice at 2nd, 6-4 (Groundball, 6, EV 106.2 MPH)
|
| Top of the 7th over - 0 runs, 1 hit, 0 errors, 2 left on base; Lehigh Valley 1 - Las Vegas 7 |
| BOTTOM OF THE 7TH |
|
Las Vegas 51s batting - Pitching for Lehigh Valley IronPigs : RHP John Capparelli
|
|
Batting: SHB Lewis Thorpe Jr.
|
0-0: Ball 1-0: Foul Ball, location: 2F 1-1: Fly out, F7 (Flyball, 78M, EV 84.4 MPH)
|
|
Batting: SHB Billy Encinias
|
0-0: Ball 1-0: Called Strike 1-1: Ball 2-1: Ball 3-1: Foul Ball, location: 2F 3-2: Strikes out looking
|
|
Batting: SHB Roberto Magne
|
0-0: Foul Ball, location: 2F 0-1: Swinging Strike 0-2: Ball 1-2: Ground out 4-3 (Groundball, 4, EV 83.1 MPH)
|
| Bottom of the 7th over - 0 runs, 0 hits, 0 errors, 0 left on base; Lehigh Valley 1 - Las Vegas 7 |
| TOP OF THE 8TH |
|
Lehigh Valley IronPigs batting - Pitching for Las Vegas 51s : RHP Bryan Dorne
|
|
Batting: RHB Julian Nijhuis
|
0-0: Called Strike 0-1: Called Strike 0-2: Ball 1-2: Strikes out swinging
|
|
Batting: RHB Matt Sanders
|
0-0: Foul Ball, location: 2F 0-1: Ball 1-1: Ball 2-1: Swinging Strike 2-2: Ball 3-2: Foul Ball, location: 2F 3-2: Base on Balls
|
|
Batting: RHB Young-tae Yoo
|
0-0: Swinging Strike 0-1: Ball 1-1: Foul Ball, location: 2F 1-2: Ball 2-2: Ball 3-2: Foul Ball, location: 2F 3-2: Base on Balls Matt Sanders to second
|
|
Batting: RHB Chris Pounds
|
0-0: Foul Ball, location: 2F 0-1: Ball 1-1: Ball 2-1: Foul Ball, location: 2F 2-2: SINGLE (Line Drive, 7S, EV 97.5 MPH) Matt Sanders to third Young-tae Yoo to second
|
|
Batting: RHB Dan Grable
|
0-0: Ball Wild Pitch! Matt Sanders scores Young-tae Yoo to third Chris Pounds to second 1-0: Ball 2-0: Foul Ball, location: 2F 2-1: Fly out, F8 (Flyball, 8LXD, EV 95.6 MPH) Runner from 3rd tags up, SCORES, no throw by CF
|
|
Batting: RHB Bill Moldenhauer
|
0-0: Foul Ball, location: 2F 0-1: SINGLE (Groundball, 4MS, EV 77.5 MPH) (infield hit) Chris Pounds to third
|
|
Batting: RHB Nick Beggs
|
0-0: Ground out U3 (Groundball, 3S, EV 83.8 MPH)
|
| Top of the 8th over - 2 runs, 2 hits, 0 errors, 2 left on base; Lehigh Valley 3 - Las Vegas 7 |
| BOTTOM OF THE 8TH |
|
Las Vegas 51s batting - Pitching for Lehigh Valley IronPigs : RHP John Capparelli
|
|
Pitching: RHP Rome Corona
|
|
|
Batting: LHB Marc Durgin
|
0-0: Ball 1-0: Foul Ball, location: 2F 1-1: Ball 2-1: Ball 3-1: Base on Balls
|
|
Batting: SHB Josh Schultze
|
0-0: Ball 1-0: Ball 2-0: Called Strike 2-1: Foul Ball, location: 2F 2-2: Ball 3-2: Fly out, F8 (Flyball, 8RM, EV 76.2 MPH)
|
|
Batting: RHB Leon Edwards
|
0-0: Reached on error, E3 (Groundball, 34, EV 82.5 MPH) Marc Durgin to second
|
|
Batting: RHB Yoshiro Higuchi
|
0-0: Called Strike 0-1: Ball 1-1: Ball 2-1: SINGLE (Groundball, 6D, EV 97.5 MPH) Marc Durgin to third Leon Edwards to second Runner from 3rd tries for Home, SAFE, throw by LF to home
|
|
Batting: RHB Jordan Martin
|
0-0: SINGLE (Line Drive, 34D, EV 102.5 MPH) Leon Edwards to third Yoshiro Higuchi to second Runner from 3rd tries for Home, SAFE, throw by RF to home
|
|
Batting: LHB Adam Hairston
|
0-0: Ball 1-0: Ball 2-0: Called Strike Yoshiro Higuchi steals 3rd base Jordan Martin to second 2-1: Ball 3-1: SINGLE (Line Drive, 6MD, EV 93.8 MPH) Yoshiro Higuchi scores Jordan Martin to third
|
|
Pinch Hitting: LHB Phil Lomax
|
0-0: Ball Adam Hairston steals 2nd base (no throw) 1-0: Ball Wild Pitch! Jordan Martin scores Adam Hairston to third 2-0: Ground out 5-3 (Groundball, 5S, EV 64.4 MPH)
|
|
Pitching: RHP Wally Hoover
|
|
|
Batting: SHB Billy Encinias
|
0-0: Called Strike 0-1: Called Strike 0-2: Ball 1-2: Foul Ball, location: 2F 1-2: Ball 2-2: Ground out 4-3 (Groundball, 34D, EV 84.4 MPH)
|
| Bottom of the 8th over - 4 runs, 3 hits, 1 error, 1 left on base; Lehigh Valley 3 - Las Vegas 11 |
| TOP OF THE 9TH |
|
Lehigh Valley IronPigs batting - Pitching for Las Vegas 51s : RHP Bryan Dorne
|
|
Now in CF: Phil Lomax
|
|
|
Batting: SHB Cesar Arteaga
|
0-0: Ball 1-0: Ground out U3 (Groundball, 3, EV 91.9 MPH)
|
|
Pinch Hitting: RHB Aaron Burress
|
0-0: Ball 1-0: Swinging Strike 1-1: Ball 2-1: Ball 3-1: Foul Ball, location: 2F 3-2: Foul Ball, location: 2F 3-2: Foul Ball, location: 2F 3-2: Strikes out looking
|
|
Pinch Hitting: RHB Jose Marroquin
|
0-0: Ball 1-0: Called Strike 1-1: Foul Ball, location: 2F 1-2: Strikes out swinging
|
| Top of the 9th over - 0 runs, 0 hits, 0 errors, 0 left on base; Lehigh Valley 3 - Las Vegas 11 |
|